 Dungeon Crawl Stone Soup version 0.23.2-40-g277498a001 (webtiles) character file.

Game seed: 13107476892070069322

148 Martska the Ducker (level 5, -6/39 HPs)
             Began as a Merfolk Ice Elementalist on Oct 1, 2019.
             Mangled by a gnoll
             ... wielding a +0 flail
              (9 damage)
             ... on level 3 of the Dungeon.
             The game lasted 00:12:55 (4031 turns).

Martska the Ducker (Merfolk Ice Elementalist)       Turns: 4031, Time: 00:12:55

Health: -6/39      AC:  3    Str:  8    XL:     5   Next: 30%
Magic:  5/8        EV: 14    Int: 14    God:
Gold:   134        SH:  0    Dex: 16    Spells: 2/8 levels left

rFire    . . .     SeeInvis .   v - +0 mace
rCold    . . .     Gourm    .   (no shield)
rNeg     . . .     Faith    .   f - +0 leather armour
rPois    .         Spirit   .   (no helmet)
rElec    .         Reflect  .   (no cloak)
rCorr    .         Harm     .   (no gloves)
MR       .....                  (no boots)
Stlth    ++........             d - amulet of rage
HPRegen  0.13/turn              (no ring)
MPRegen  0.11/turn              (no ring)

@: very slightly contaminated
A: change form in water, swift swim, stealthy swim
a: Evoke Berserk Rage


You were on level 3 of the Dungeon.
You were not hungry.

You visited 1 branch of the dungeon, and saw 3 of its levels.

You collected 134 gold pieces.

Inventory:

Hand Weapons
 b - a +0 whip
 n - a +0 dagger
 v - a +0 mace (weapon)
Armour
 a - a +0 robe
 f - a +0 leather armour (worn)
 w - a +0 leather armour
Jewellery
 d - an amulet of rage (around neck)
 s - an uncursed ring of magical power
Scrolls
 e - a scroll of enchant weapon {unknown}
 g - a scroll of teleportation {unknown}
 j - 2 scrolls of fog {unknown}
 o - a scroll of noise {unknown}
 q - 2 scrolls of identify {unknown}
 r - a scroll of remove curse {unknown}
Potions
 h - a potion of flight {unknown}
 i - 2 potions of magic {unknown}
 k - 3 potions of heal wounds {unknown}
 l - 3 potions of berserk rage {unknown}
 m - a potion of ambrosia {unknown}
 p - a potion of curing {unknown}
 t - 3 potions of agility {unknown}
 u - a potion of resistance {unknown}
Comestibles
 c - 5 rations


   Skills:
 * Level 2.6 Fighting
 * Level 4.3 Dodging
 + Level 3.1 Stealth
 + Level 2.4 Spellcasting
 - Level 0.7 Conjurations
 + Level 1.0 Charms
 + Level 3.7 Ice Magic


You had 2 spell levels left.
You knew the following spells:

 Your Spells              Type           Power        Failure   Level  Hunger
a - Freeze                Ice            ##..         7%          1    #......
b - Throw Frost           Conj/Ice       #.....       21%         2    ###....
c - Ozocubu's Armour      Chrm/Ice       #.......     36%         3    ###....

Your spell library contained the following spells:

 Spells                   Type           Power        Failure   Level  Hunger
 Throw Icicle             Conj/Ice       #.......     78%         4    #####..
 Summon Ice Beast         Ice/Summ       #.......     83%         4    #####..


Dungeon Overview and Level Annotations

Branches:
Dungeon (3/15)

Altars:
Fedhas


Message History

You are very lightly contaminated with residual magic.
You shiver with cold.
The gnoll hits you with a +0 flail!
A goblin comes into view. It is wielding a +0 club.
The gnoll hits you but does no damage. The gnoll hits you with a +0 flail.
The gnoll completely misses you. The gnoll barely misses you.
There is a stone staircase leading up, spattered with blood here.
You climb upwards.
There is a stone staircase leading down here.
The gnoll hits you but does no damage. The gnoll misses you.
You climb downwards.
The gnoll hits you with a +0 flail!
* * * LOW HITPOINT WARNING * * *
There is a stone staircase leading up, spattered with blood here.
The gnoll hits you with a +0 flail.
* * * LOW HITPOINT WARNING * * *
You see here a cursed -3 club.
Things that are here:
a cursed +0 hand axe; an orc skeleton The gnoll hits you with a +0 flail!
You die...

..# .# ##.###.###
###....#...##
##...........## ...
#.............# ..< ###
#...........# .... ##[.
#...........# ....
#..####..........#
...#######
#.##.@.)#.......##
##.......###.#)g....[##.####
..........>..g).#######.#
#...........)..## #.#
...#####...<.#### #.#
##)###............. #.#
..........##..##### #.#
...#...######.... #.#
#......## #### #>#


You could see 2 gnolls.

Vanquished Creatures
  An orc priest (D:3)
  2 adders (D:2)
  An ooze (D:1)
  3 worms
  A dart slug (D:1)
  2 leopard geckos (D:1)
  5 orcs
  A ball python (D:1)
  13 bats
  3 giant cockroaches
  6 goblins
  13 hobgoblins
  2 jackals (D:2)
  5 kobolds
  2 quokkas (D:2)
  4 frilled lizards
  11 rats
75 creatures vanquished.

Notes
Turn   | Place    | Note
-------+----------+-------------------------------------------
     0 | D:1      | Martska the Merfolk Ice Elementalist began the quest for
                  | the Orb.
     0 | D:1      | Reached XP level 1. HP: 13/13 MP: 3/3
    68 | D:1      | Reached skill level 3 in Dodging
    71 | D:1      | Reached XP level 2. HP: 3/20 MP: 0/5
   512 | D:1      | Reached skill level 1 in Fighting
   843 | D:1      | Reached XP level 3. HP: 14/26 MP: 1/6
  1716 | D:2      | Learned a level 2 spell: Throw Frost
  1720 | D:2      | Learned a level 3 spell: Ozocubu's Armour
  2337 | D:2      | Reached XP level 4. HP: 19/33 MP: 0/7
  3081 | D:2      | Reached skill level 4 in Dodging
  3269 | D:2      | Found a blossoming altar of Fedhas.
  3674 | D:3      | Reached skill level 1 in Charms
  3674 | D:3      | Reached XP level 5. HP: 23/39 MP: 2/8
  4031 | D:3      | Mangled by a gnoll

Skill      XL: |  1  2  3  4 |
---------------+-------------+-----
Dodging        | 3 4 |  4.3
Fighting       | 1 2 |  2.6
Stealth        | 3 |  3.1
Charms         | 1 |  1.0
Spellcasting   | |  2.4
Conjurations   | |  0.7
Ice Magic      | |  3.7

Action                   |  1- 3 |  4- 6 || total
-------------------------+-------+-------++-------
Melee: Whip              |   107 |    65 ||   172
       Mace              |       |    19 ||    19
 Cast: Freeze            |    29 |    32 ||    61
       Throw Frost       |    12 |    15 ||    27
 Stab: Sleeping          |     3 |     1 ||     4
  Eat: Chunk             |     6 |     1 ||     7
       Ration            |       |     2 ||     2
Armor: Robe              |     3 |       ||     3
       Leather armour    |    31 |    28 ||    59
Dodge: Dodged            |   102 |    95 ||   197
